 Dungeon Crawl Stone Soup version 0.18.1-50-g88ac8fd (webtiles) character file.

8948 magog001 the Blocker (level 11, -10/97 HPs)
             Began as a Minotaur Fighter on Jan 26, 2018.
             Engulfed by an ice statue's freezing vapour (18 damage)
             ... in an ice cave.
             The game lasted 00:50:44 (9870 turns).

magog001 the Blocker (Minotaur Fighter)             Turns: 9870, Time: 00:50:45

Health: -10/97     AC: 22    Str: 25    XL:     11   Next: 16%
Magic:  10/10      EV:  8    Int:  5    God:
Gold:   409        SH:  0    Dex:  7    Spells: 0 memorised, 10 levels left

rFire  . . .     SeeInvis .     a - +0 war axe
rCold  . . .     Gourm    .     m - +0 plate armour
rNeg   + . .     Faith    .     c - +0 shield
rPois  +         Spirit   .     (helmet unavailable)
rElec  .         Dismiss  .     t - +1 cloak
rCorr  .         Reflect  .     I - +2 pair of gloves
SustAt .         Harm     .     x - +0 pair of boots
MR     .....                    (no amulet)
Stlth  ..........               C - ring of positive energy
                                y - ring of wizardry

@: confused, very slightly contaminated, not resistant to hostile enchantments,
extremely unstealthy
A: retaliatory headbutt, horns 3, clumsy 1, sense surroundings 1, poison
resistance
a: no special abilities


You were in an ice cave.
You were not hungry.

You visited 2 branches of the dungeon, and saw 9 of its levels.
You also visited: Ice Cave.

You collected 409 gold pieces.

Inventory:

Hand Weapons
 a - a +0 war axe (weapon)
 w - a +1 mace of protection
 E - a +0 club
Missiles
 p - 26 poisoned needles
 A - 55 sling bullets
Armour
 c - a +0 shield (worn)
 m - a +0 plate armour (worn)
 t - a +1 cloak (worn)
 x - a +0 pair of boots (worn)
 I - a +2 pair of gloves (worn)
Magical Staves
 B - an uncursed staff of summoning
Jewellery
 y - a ring of wizardry (left hand)
 C - a ring of positive energy (right hand)
Wands
 G - a wand of digging (17/24)
 L - a wand of digging (3/24)
Scrolls
 b - 2 scrolls of fear
 e - 3 scrolls of amnesia
 f - 5 scrolls of remove curse
 l - 2 scrolls of recharging
 o - a scroll of teleportation
 s - a scroll of vulnerability {unknown}
 u - a scroll of magic mapping
 z - 2 scrolls of identify
 F - 2 scrolls of fog
Potions
 d - 2 potions of might
 g - a potion of ambrosia
 j - a potion of haste
 r - 2 potions of brilliance
 H - a potion of heal wounds {unknown}
Comestibles
 h - a beef jerky
 i - 3 meat rations
 k - a bread ration
 n - 4 chunks of flesh
 v - a royal jelly


   Skills:
 * Level 9.5 Fighting
 * Level 10.4 Axes
 + Level 0.2 Throwing
 * Level 10.7 Armour
 + Level 4.1 Dodging
 + Level 0.1 Stealth
 * Level 11.7 Shields
 + Level 0.1 Evocations


You had 10 spell levels left.
You didn't know any spells.

Dungeon Overview and Level Annotations

Branches:
Dungeon (8/15)             Temple (0/1) D:6            Lair (1/8) D:8

Altars:
Cheibriados
Dithmenos
Okawaru
Pakellas
Xom

Annotations:
IceCv exclusion: ice statue


Innate Abilities, Weirdness & Mutations

You reflexively headbutt those who attack you in melee.
You have a pair of large horns on your head.
You are clumsy. (Dex -2)
You passively map a small area around you.
Your system is resistant to poisons.


Message History

You are engulfed in freezing vapours.
The ice statue gestures at you. The bolt of cold hits you!
* * * LOW HITPOINT WARNING * * *
The ice beast barely misses you.
Read which item? (? for menu, Esc to quit)
Blink to where?
Press: ? - help, Dir - move target cursor You are very lightly contaminated with residual magic.
As you read the scroll of blinking, it crumbles to dust.
The ice statue gestures at you.
Unknown command.
Drink which item? (? for menu, Esc to quit)
Okay, then.
Read which item? (? for menu, Esc to quit)
Okay, then.
Drink which item? (? for menu, Esc to quit)
You are confused.
You feel invigorated.
You are engulfed in freezing vapours.
You die...

#..########...##...# #§#*
##..##.#...##...##...###§#
####..#..########*#...§#.#*,
...#####..## #..8Y§# *
.#...#..##.#≈ ≈ ##....§#
####..###≈≈≈≈# #...####*
####≈≈≈##.# ####§..## ≈ ≈
*≈≈≈#####.##§§§§## ≈ ≈
≈≈≈##*#.....§@§## * ≈ * ≈≈##
, .##..§§### * * * ≈≈≈# ,
#####.≈ * ,* ≈ ≈≈ * , * ≈#
,,* * ≈ ≈## , , , ≈≈## * **
, # #≈≈# , , ,* , * *
####≈≈### , .....≈≈≈# *


You could see an ice statue and an ice beast.

Vanquished Creatures
  6 polar bears (IceCv)
  13 yaks (IceCv)
  A hungry ghost (D:8)
  2 hippogriffs (Lair:1)
  A water moccasin (Lair:1)
  12 ice beasts
  An orc warrior (D:7)
  2 sky beasts
  A black bear (D:7)
  The ghost of magog001 the Shield-Bearer, an amateur MiFi (D:3)
  A necrophage (D:7)
  A wasp (D:7)
  6 ogres
  15 wolves (IceCv)
  A crocodile (Lair:1)
  4 centaurs
  A giant frog (D:7)
  2 scorpions
  3 killer bees (D:7)
  5 howler monkeys
  A crimson imp (D:6)
  2 quasits
  A jelly (D:2)
  4 orc wizards
  2 orc priests
  4 hounds
  Crazy Yiuf (D:2)
  Jessica (D:2)
  3 iguanas
  3 worker ants
  Terence (D:2)
  2 worker ant zombies
  Robin (D:4)
  3 gnolls (D:2)
  A howler monkey skeleton (D:8)
  9 adders
  2 shadow imps
  An adder zombie (D:5)
  3 worms
  3 dart slugs
  7 giant geckos
  21 orcs
  9 giant cockroaches
  13 goblins
  11 hobgoblins
  4 jackals
  6 quokkas
  A ball python (D:4)
  8 bats
  5 giant newts
  2 jackal skeletons
  6 kobolds
  2 quokka skeletons
  6 rats
228 creatures vanquished.

Vanquished Creatures (others)
  A sphinx (D:8)
1 creature vanquished.

Grand Total: 229 creatures vanquished

Notes
Turn   | Place    | Note
--------------------------------------------------------------
     0 | D:1      | magog001 the Minotaur Fighter began the quest for the Orb.
     0 | D:1      | Reached XP level 1. HP: 19/19 MP: 0/0
   135 | D:1      | Reached XP level 2. HP: 27/27 MP: 1/1
   216 | D:1      | Reached skill level 4 in Shields
   629 | D:2      | Reached XP level 3. HP: 33/33 MP: 2/2
   690 | D:2      | Noticed Terence
   848 | D:2      | Killed Terence
   848 | D:2      | Reached XP level 4. HP: 38/40 MP: 3/3
  1018 | D:2      | Noticed Jessica
  1024 | D:2      | Killed Jessica
  1080 | D:2      | Reached skill level 5 in Shields
  1083 | D:2      | Reached skill level 1 in Dodging
  1083 | D:2      | Reached XP level 5. HP: 8/46 MP: 4/4
  1622 | D:2      | Reached skill level 5 in Armour
  1652 | D:2      | Noticed Crazy Yiuf
  1657 | D:2      | Killed Crazy Yiuf
  1732 | D:3      | Noticed magog001's ghost (amateur MiFi)
  1936 | D:3      | Killed magog001's ghost
  1936 | D:3      | Reached XP level 6. HP: 21/53 MP: 5/5
  3082 | D:4      | Noticed Robin
  3093 | D:4      | Killed Robin
  3451 | D:4      | Reached skill level 5 in Fighting
  3634 | D:4      | Reached skill level 6 in Shields
  3634 | D:4      | Reached XP level 7. HP: 49/61 MP: 6/6
  3727 | D:4      | Found a snail-covered altar of Cheibriados.
  3940 | D:5      | Entered Level 5 of the Dungeon
  4067 | D:5      | Reached skill level 5 in Axes
  4571 | D:5      | Gained mutation: You passively map a small area around you. [mutagenic meat]
  4572 | D:5      | Lost mutation: You passively map a small area around you. [mutagenic meat]
  4573 | D:5      | Gained mutation: You passively map a small area around you. [mutagenic meat]
  4574 | D:5      | Gained mutation: You have a pair of large horns on your head. [mutagenic meat]
  4639 | D:5      | Reached skill level 7 in Shields
  4639 | D:5      | Reached XP level 8. HP: 70/70 MP: 7/7
  4817 | D:5      | Found an iron altar of Okawaru.
  5621 | D:6      | Found a staircase to the Ecumenical Temple.
  5729 | D:6      | Found a shadowy altar of Dithmenos.
  6156 | D:7      | Reached skill level 8 in Shields
  6290 | D:7      | Reached XP level 9. HP: 78/79 MP: 8/8
  6712 | D:7      | Found a shimmering altar of Xom.
  7484 | D:8      | Found an oddly glowing altar of Pakellas.
  7485 | D:8      | Noticed a sphinx
  7494 | D:8      | Killed a sphinx
  7646 | D:8      | Reached skill level 9 in Shields
  7669 | D:8      | Gained mutation: Your system is resistant to poisons. [mutagenic meat]
  7670 | D:8      | Gained mutation: You are weak. (Str -2) [mutagenic meat]
  7671 | D:8      | Lost mutation: You are weak. (Str -2) [mutagenic meat]
  7672 | D:8      | Gained mutation: You are clumsy. (Dex -2) [mutagenic meat]
  7789 | D:8      | Found a staircase to the Lair.
  7990 | Lair:1   | Entered Level 1 of the Lair of Beasts
  8086 | Lair:1   | Found a frozen archway.
  8092 | Lair:1   | Reached XP level 10. HP: 56/90 MP: 9/9
  8129 | Lair:1   | Reached skill level 10 in Shields
  8142 | IceCv    | Entered an ice cave
  8475 | IceCv    | Reached skill level 10 in Armour
  8812 | IceCv    | Reached skill level 10 in Axes
  8818 | IceCv    | Reached skill level 11 in Shields
  9232 | IceCv    | Reached XP level 11. HP: 88/97 MP: 10/10
  9870 | IceCv    | Engulfed by an ice statue's freezing vapour

Skill      XL: |  1  2  3  4  5  6  7  8  9 10 11 |
---------------+----------------------------------+-----
Armour         | 4 5 6 8 9 10 | 10.7
Shields        | 4 5 6 7 8 9 11 | 11.7
Fighting       | 4 5 7 8 9 |  9.5
Axes           | 3 4 5 6 8 10 | 10.4
Dodging        | 1 2 3 4 |  4.1
Throwing       | |  0.2
Stealth        | |  0.1
Evocations     | |  0.1

Action                   |  1- 3 |  4- 6 |  7- 9 | 10-12 || total
-------------------------+-------+-------+-------+-------++-------
Melee: War axe           |    76 |   158 |   358 |   271 ||   863
       Headbutt          |    13 |    26 |    70 |    49 ||   158
Throw: Tomahawk          |       |       |     1 |     3 ||     4
Evoke: Wand              |       |       |       |     9 ||     9
  Use: Scroll            |       |    12 |     7 |     1 ||    20
       Potion            |       |       |     3 |     6 ||     9
  Eat: Chunk             |       |     3 |    19 |     4 ||    26
       Bread ration      |       |     1 |       |       ||     1
       Pizza             |       |     1 |     2 |     1 ||     4
       Beef jerky        |       |       |     1 |       ||     1
       Fruit             |       |       |     1 |     1 ||     2
Armor: Scale mail        |    32 |    26 |       |       ||    58
       Plate armour      |       |    52 |   256 |   157 ||   465
       Skin              |       |       |       |    81 ||    81
Dodge: Dodged            |    21 |    44 |    96 |    83 ||   244
Block: Shield            |    34 |    99 |   247 |   240 ||   620
